 Dungeon Crawl Stone Soup version 0.28-a0-79-g444c7a33f5 (webtiles) character file.

Game seed: 9296129515518468680

25 Conn the Firebug (level 3, 0/21 HPs)
             Began as an Octopode Fire Elementalist on Aug 3, 2021.
             Killed from afar by Natasha (7 damage)
             ... with a magic dart
             ... on level 3 of the Dungeon.
             The game lasted 00:02:00 (1189 turns).

Conn the Firebug (Octopode Fire Elementalist)       Turns: 1189, Time: 00:02:00

Health: 0/21       AC:  1    Str:  7    XL:     3   Next: 4%
Magic:  5/6        EV: 13    Int: 18    God:
Gold:   38         SH:  0    Dex: 12    Spells: 5/6 levels left

rFire   . . .      SeeInvis .   d - +0 dagger
rCold   . . .      Faith    .   (no shield)
rNeg    . . .      Spirit   .   (helmet restricted)
rPois   .          Reflect  .   (no amulet)
rElec   .          Harm     .   (no ring)
rCorr   .          Rampage  .   (no ring)
Will    .....                   (no ring)
Stlth   +++.......              (no ring)
HPRegen 0.07/turn               (no ring)
MPRegen 0.10/turn               (no ring)
                                (no ring)
                                (no ring)

@: flying
A: almost no armour, amphibious, 8 rings, camouflage 1, gelatinous body 1,
(nimble swimmer 1), tentacles
a: no special abilities


You were on level 3 of the Dungeon.
You visited 1 branch of the dungeon, and saw 3 of its levels.

You collected 38 gold pieces.

Inventory:

Hand Weapons
 d - a +0 dagger (weapon)
Magical Staves
 c - a staff of cold
Scrolls
 a - a scroll of noise {unknown}
 b - a scroll of teleportation {unknown}
 g - a scroll of identify {unknown}
Potions
 f - a potion of heal wounds {unknown}


   Skills:
 + Level 2.3 Dodging
 + Level 3.2 Stealth
 + Level 2.2 Spellcasting
 + Level 1.0 Conjurations
 + Level 3.4 Fire Magic


You had 5 spell levels left.
You knew the following spells:

 Your Spells              Type           Power      Damage    Failure   Level
a - Foxfire               Conj/Fire      40%        2x1d6     7%          1

Your spell library contained the following spells:

 Spells                   Type           Power      Damage    Failure   Level
 Conjure Flame            Conj/Fire      10%        6-21      22%         3
 Inner Flame              Hex/Fire       8%         N/A       26%         3
 Sticky Flame             Conj/Fire      10%        2d3       56%         4
 Fireball                 Conj/Fire      5%         3d5       89%         5


Dungeon Overview and Level Annotations

Branches:
Dungeon (3/15)

Altars:

Shops:
D:2 ?   D:3 (

Annotations:
D:3 Natasha


Innate Abilities, Weirdness & Mutations

You cannot wear most types of armour.
You are amphibious.
You can wear up to eight rings at the same time.
Your skin changes colour to match your surroundings (Stealth+).
Your rubbery body absorbs attacks. (AC +1, EV +1)
((You are camouflaged near water. (Stealth+)))
You have tentacles for arms and can constrict up to eight enemies at once.


Message History

Done exploring.
(D) Dungeon
Where to? (? - help)
There is a stone staircase leading down here.
You climb downwards.
There is a stone staircase leading up here.
Unknown command.
Found Qeugh's Magic Scroll Emporium.
g - a scroll labelled ZEDEOQ XICAU
There is an entrance to Qeugh's Magic Scroll Emporium here.
Okay, then.
Okay, then.
Found an escape hatch in the floor.
A frilled lizard and Natasha come into view.
The frilled lizard hisses angrily.
Natasha hisses angrily.
Natasha moves out of view.
Found a robe.
Natasha mewls in sadness.
Natasha claws you. The frilled lizard bites you.
Casting: Foxfire (safe; 7% risk of failure)
Confirm with . or Enter, or press ? or * to list all spells.
You conjure some foxfire!
Natasha claws you. The frilled lizard closely misses you.
Unknown command.
The foxfire hits Natasha.
Natasha is lightly wounded.
The foxfire hits Natasha.
Natasha is lightly wounded.
The frilled lizard bites you.
There is an escape hatch in the floor here.
Natasha barely misses you. The frilled lizard bites you.
You slide downwards.
The hatch slams shut behind you.
Found 5 gold pieces.
Found Weufeun's Weapon Boutique.
Found a stone staircase leading up.
It was a potion of flight.
You feel very buoyant.
You fly up into the air.
Natasha casts a spell at you. The magic dart hits you!
You die...

####.#.
.......
##..... #
#$..... .# #
#......###.#.#
#............#
##..........#
......l@....#
###.#...h.∩.#
#.......#
#.......#
.....#..#
<###.###.# #.
.## #. # . ##


You could see Natasha and a frilled lizard.

Vanquished Creatures
  4 ball pythons (D:1)
  6 bats (D:1)
  2 endoplasms (D:1)
  A giant cockroach (D:1)
  3 goblins (D:1)
  2 quokkas (D:1)
  2 frilled lizards (D:1)
  A kobold (D:1)
  3 rats (D:1)
24 creatures vanquished.

Vanquished Creatures (others)
  58 foxfires
58 creatures vanquished.

Grand Total: 82 creatures vanquished

Notes
Turn   | Place    | Note
-------+----------+-------------------------------------------
     0 | D:1      | Conn the Octopode Fire Elementalist began the quest for the
                  | Orb.
     0 | D:1      | Reached XP level 1. HP: 11/11 MP: 3/3
   229 | D:1      | Reached XP level 2. HP: 17/17 MP: 0/5
  1085 | D:1      | Reached XP level 3. HP: 21/21 MP: 3/6
  1159 | D:2      | Found Qeugh's Magic Scroll Emporium.
  1182 | D:2      | Noticed Natasha
  1188 | D:3      | Found Weufeun's Weapon Boutique.
  1189 | D:3      | Killed from afar by Natasha

Illustrated notes

Levels and vault maps discovered:
D:1:      lightli_arrival_windingriver, layout_basic
D:2:      layout_loops_ring, serial_shops, shop, kennysheep_generic_room_7,
          uniq_natasha
D:3:      layout_loops_cross, bloody_makhleb,
          hellmonk_ecumenical_altar_arch_garden, serial_shops, shop,
          uniq_terence, uniq_sigmund

Skill      XL: |  1  2 |
---------------+-------+-----
Stealth        | 3 |  3.2
Dodging        | |  2.3
Spellcasting   | |  2.2
Conjurations   | |  1.0
Fire Magic     | |  3.4

Action                   || total
-------------------------++-------
Melee: Dagger            ||     3
       Tentacles         ||     2
       Unarmed           ||     1
       Constrict         ||     1
 Cast: Foxfire           ||    42
  Use: Potion            ||     1
 Stab: Sleeping          ||     2
Dodge: Dodged            ||     7

Table legend: (Time is in decaauts)
 A = Elapsed time spent in this place.
 B = Non-inter-level travel time spent in this place.
 C = Inter-level travel time spent in this place.
 D = Time resting spent in this place.
 E = Time spent auto-exploring this place.
 F = Levels seen in this place.
 G = Mean time per level.
                   A        B        C        D        E       F      G
               +--------+--------+--------+--------+--------+-----+--------+
         Total |   1188 |   1175 |     13 |      0 |    971 |   3 |  396.0 |
       Dungeon |   1188 |   1175 |     13 |      0 |    971 |   3 |  396.0 |
               +--------+--------+--------+--------+--------+-----+--------+

Top non-repeatable levels by time:
     D:1: 1142 daAuts
     D:2: 44 daAuts
     D:3: 0 daAuts
